 Dungeon Crawl Stone Soup version 0.31-a0-917-ga885b83477 (webtiles) character file.

Game seed: 17773935452366942127

4522 BinkBink the Fighter (level 10, -5/66 HPs)
             Began as a Gargoyle Hunter on Oct 17, 2023.
             Was an Elder of Okawaru.
             Slain by a komodo dragon (17 damage)
             ... on level 8 of the Dungeon.
             The game lasted 00:22:10 (10760 turns).

BinkBink the Fighter (Gargoyle Hunter)             Turns: 10760, Time: 00:22:10

Health: -5/66      AC: 15    Str: 15    XL:     10   Next: 39%
Magic:  0/10       EV: 16    Int: 10    God:    Okawaru [****..]
Gold:   449        SH:  0    Dex: 17    Spells: 9/9 levels left

rFire   . . .        s - +6 great sword
rCold   . . .        (shield currently unavailable)
rNeg    + . .        E - +0 steam dragon scales
rPois   ∞            o - +0 helmet
rElec   +            (no cloak)
rCorr   .            (no gloves)
SInv    +            (no boots)
Will    .....        t - amulet of guardian spirit
Stlth   ++           q - ring of see invisible
HPRegen 0.31/turn    (no ring)
MPRegen 0.12/turn

%: guardian spirit
@: no status effects
A: sickness immunity, AC +7, negative energy resistance 1, electricity
resistance, torment resistance 1, petrification resistance
a: Renounce Religion, Heroism, Finesse


You were on level 8 of the Dungeon.
You worshipped Okawaru.
Okawaru was greatly pleased with you.
You visited 2 branches of the dungeon, and saw 9 of its levels.

You collected 471 gold pieces.
You spent 22 gold pieces at shops.

Inventory:

Hand Weapons
 a - a +0 shortbow
 s - a +6 great sword (weapon)
 w - a +0 rapier
Missiles
 A - 2 throwing nets
Armour
 c - the +1 scale mail "Gulang" {Slay+2}
   (You took it off an orc priest in the Ecumenical Temple)

   Slay+2:    It affects your accuracy & damage with ranged weapons and melee
   (+2).
 o - a +0 helmet (worn)
 E - +0 steam dragon scales (worn)
Jewellery
 q - a ring of see invisible (left hand)
 t - an amulet of guardian spirit (around neck)
 D - a ring of wizardry
 F - a ring of protection from cold
Wands
 h - a wand of flame (19)
 u - a wand of polymorph (8)
 z - a wand of paralysis (11)
Scrolls
 b - a scroll of butterflies
 d - 3 scrolls of revelation
 g - 2 scrolls of noise
 i - 2 scrolls of amnesia
 p - 3 scrolls of vulnerability
 r - 2 scrolls of teleportation
 x - a scroll of enchant armour
 y - a scroll of fog
Potions
 e - 3 potions of curing
 f - 2 potions of cancellation {unknown}
 j - a potion of lignification {unknown}
 k - a potion of degeneration {unknown}
 l - a potion of resistance
 m - 2 potions of haste {unknown}
 n - 2 potions of heal wounds
 v - a potion of brilliance {unknown}
 B - a potion of attraction {unknown}
 C - a potion of berserk rage


   Skills:
 + Level 9.5 Fighting
 * Level 3.2 Long Blades
 - Level 4.0 Ranged Weapons
 + Level 9.0 Armour
 + Level 7.1 Dodging
 - Level 1.1 Stealth


You had 9 spell levels left.
You didn't know any spells.
Your spell library contained the following spells:

 Spells                   Type           Power      Damage    Failure   Level
 Blink                    Tloc           0%         N/A       50%         2
 Ensorcelled Hibernation  Hex/Ice        0%         N/A       50%         2
 Passwall                 Tmut/Erth      0%         N/A       50%         2
 Scorch                   Fire           0%         2d5       50%         2
 Ignite Poison            Fire/Tmut/Pois 0%         N/A       75%         3
 Swiftness                Air            0%         N/A       75%         3
 Flame Wave               Conj/Fire      0%         2d4       98%         4
 Manifold Assault         Tloc           0%         N/A       98%         4
 Freezing Cloud           Conj/Ice/Air   0%         6-21      100%        5
 Cigotuvi's Dreadful Rot  Necr/Pois/Air  Unusable   N/A       N/A         2
 Summon Cactus Giant      Summ           Unusable   N/A       N/A         6

Dungeon Overview and Level Annotations

Branches:
Dungeon (8/15)             Temple (1/1) D:7            Lair (0/5) D:8

Altars:
Ashenzari
Cheibriados
Dithmenos
Elyvilon
Fedhas
Gozag
Hepliaklqana
Kikubaaqudgha
Makhleb
Nemelex Xobeh
Okawaru
Qazlal
Ru
Sif Muna
Trog
Uskayaw
Vehumet
Wu Jian
Xom
Yredelemnul
Zin
The Shining One

Shops:
D:1 *   D:3 :   D:8 *

Annotations:
D:6 Jeremiah
D:7 2 transporters, Talonman3's ghost, novice DrCj


Innate Abilities, Weirdness & Mutations

You are immune to sickness and miasma.
Your stone body is resilient. (AC +7)
You are immune to poison.
You resist negative energy. (rN+)
You are resistant to electric shocks. (rElec)
You are resistant to unholy torment.
You are immune to petrification.


Message History

Things that are here:
+0 steam dragon scales; a steam dragon corpse A komodo dragon comes into view.
Found a staircase to the Lair.
The komodo dragon hisses angrily.
You hit the komodo dragon.
The komodo dragon is lightly wounded.
The komodo dragon closely misses you.
You barely miss the komodo dragon.
The komodo dragon is lightly wounded.
The komodo dragon barely misses you.
The komodo dragon bites you but does no damage.
You slash the komodo dragon!
The komodo dragon is moderately wounded.
The komodo dragon bites you but does no damage.
You slash the komodo dragon!
The komodo dragon is severely wounded.
The komodo dragon barely misses you.
The komodo dragon completely misses you.
You hit the komodo dragon but do no damage.
The komodo dragon is severely wounded.
The komodo dragon bites you but does no damage.
You completely miss the komodo dragon.
The komodo dragon is severely wounded.
The komodo dragon bites you!!
The komodo dragon bites you but does no damage.
You closely miss the komodo dragon.
The komodo dragon is severely wounded.
The komodo dragon barely misses you. The komodo dragon bites you!!
You are too injured to fight recklessly!
You are too injured to fight recklessly!
You hit the komodo dragon.
The komodo dragon is severely wounded.
The komodo dragon bites you.
You closely miss the komodo dragon.
The komodo dragon is severely wounded.
The komodo dragon bites you!
* * * LOW HITPOINT WARNING * * *
The komodo dragon bites you!!
You die...

#..#
#....####
##.#
####..[.#
#########
#.##.##
.........
###...##
#########
##....P##
#......P#
##....P..#
#.#........#
#......@..P#
##.....Pl..#
##........#
#..P..>..#
##......P#
#....P.P#
##.P..P##
#######


You could see a komodo dragon.

Vanquished Creatures
  Maggie (D:8)
  Sigmund (D:5)
  A wyvern (D:8)
  A basilisk (D:8)
  3 steam dragons
  An acid dragon (D:8)
  2 water moccasins
  2 orc warriors
  2 sky beasts
  3 ice beasts
  2 black bears
  3 ogres
  2 phantoms (D:5)
  A kobold brigand (D:8)
  2 bullfrogs (D:7)
  5 scorpions
  5 wights (D:7)
  4 killer bees (D:7)
  2 howler monkeys
  2 jellies
  3 orc priests
  6 hounds
  A gnoll bouda (D:7)
  4 iguanas
  A sleepcap (D:7)
  6 orc wizards
  6 gnolls
  8 adders
  A shadow imp (D:8)
  3 white imps
  2 worms
  4 dart slugs
  21 orcs
  9 ball pythons
  5 bats
  7 endoplasms
  2 giant cockroaches (D:4)
  4 goblins
  5 hobgoblins
  10 jackals
  13 kobolds
  3 quokkas
  6 frilled lizards
  12 rats
187 creatures vanquished.

Notes
Turn   | Place    | Note
-------+----------+-------------------------------------------
     0 | D:1      | BinkBink the Gargoyle Hunter began the quest for the Orb.
     0 | D:1      | Reached XP level 1. HP: 12/12 MP: 1/1
    28 | D:1      | Reached XP level 2. HP: 18/18 MP: 2/2
    83 | D:1      | Reached skill level 1 in Armour
   279 | D:1      | Found Ydek's Assorted Antiques.
   288 | D:1      | Bought a scroll labelled XUPRIKHLEHALU for 22 gold pieces
   375 | D:1      | Reached XP level 3. HP: 5/22 MP: 3/3
   493 | D:1      | Found a faded altar of an unknown god.
  1053 | D:2      | Reached XP level 4. HP: 28/28 MP: 4/4
  1887 | D:3      | Found Tocra's Book Shop.
  2039 | D:2      | Reached XP level 5. HP: 19/33 MP: 5/5
  2452 | D:3      | Found an iron altar of Okawaru.
  2460 | D:3      | Became a worshipper of Warmaster Okawaru
  2662 | D:3      | Found a broken altar of Ashenzari.
  2665 | D:3      | Found a bloodstained altar of Trog.
  2666 | D:3      | Found a white marble altar of Elyvilon.
  2672 | D:3      | Found a blossoming altar of Fedhas.
  2673 | D:3      | Found an opulent altar of Gozag.
  2675 | D:3      | Found a sparkling altar of Nemelex Xobeh.
  2676 | D:3      | Found a snail-covered altar of Cheibriados.
  2678 | D:3      | Found a hide-covered altar of Uskayaw.
  2682 | D:3      | Found a shadowy altar of Dithmenos.
  2683 | D:3      | Found an ornate altar of the Wu Jian Council.
  2784 | D:4      | Reached XP level 6. HP: 38/38 MP: 6/6
  3233 | D:4      | Noticed a sky beast
  3876 | D:4      | Noticed a water moccasin
  3917 | D:4      | Reached skill level 5 in Fighting
  3917 | D:4      | Reached XP level 7. HP: 27/44 MP: 4/7
  3918 | D:4      | Reached * piety under Okawaru
  4312 | D:5      | Entered Level 5 of the Dungeon
  4421 | D:5      | Reached skill level 5 in Armour
  4437 | D:5      | Reached XP level 8. HP: 14/51 MP: 3/8
  4754 | D:5      | Reached ** piety under Okawaru
  4834 | D:5      | Reached skill level 5 in Dodging
  5847 | D:5      | Noticed Sigmund
  6046 | D:5      | Killed Sigmund
  6046 | D:5      | Reached *** piety under Okawaru
  6047 | D:5      | Reached XP level 9. HP: 51/57 MP: 7/9
  6247 | D:6      | Noticed Jeremiah
  7877 | D:7      | Found a staircase to the Ecumenical Temple.
  8205 | D:7      | Found a transporter.
  8223 | D:7      | Found a transporter.
  8224 | D:7      | Noticed a manticore
  8522 | Temple   | Entered the Ecumenical Temple
  8641 | D:7      | Identified the +1 scale mail "Gulang" {Slay+2}
  9018 | D:7      | Noticed Talonman3's ghost (novice DrCj)
  9036 | D:7      | Reached **** piety under Okawaru
  9177 | D:7      | Found a glowing silver altar of Zin.
  9538 | D:7      | Reached XP level 10. HP: 36/66 MP: 7/10
  9558 | D:7      | Reached skill level 1 in Long Blades
 10387 | D:8      | Noticed Maggie
 10402 | D:8      | Killed Maggie
 10542 | D:8      | Found Buseshrau's Fire Supplies.
 10747 | D:8      | Found a staircase to the Lair.
 10760 | D:8      | Slain by a komodo dragon

Illustrated notes

Levels and vault maps discovered:
D:1:      minmay_arrival_open_corners, layout_basic, serial_shops, shop,
          ebering_ecumenical_altar_mist
D:2:      layout_basic
D:3:      layout_basic, okawaru_gym_becter,
          nicolae_overflow_hallway_of_the_gods, serial_shops,
          nicolae_shop_real_fake_doors, hex_medium
D:4:      minmay_clustersquares, layout_loops_cross
D:5:      layout_basic, uniq_sigmund
D:6:      layout_loops_ring, skrybe_limestone_x, uniq_jeremiah
D:7:      layout_basic, zin_academy, temple_statues, nzn_ghost_randoct
D:8:      layout_basic, david_lair_shrubbed, nicolae_shop_fire_sale
          [nicolae_sub_dead_trees], uniq_maggie
Temple:   cyrus_temple_forest

Skill      XL: |  1  2  3  4  5  6  7  8  9 10 |
---------------+-------------------------------+-----
Armour         | 1 2 3 4 5 6 8 9 |  9.0
Dodging        | 2 3 4 5 6 7 |  7.1
Fighting       | 3 4 5 7 9 |  9.5
Long Blades    | 3 |  3.2
Ranged Weapons | |  4.0
Stealth        | |  1.1

Action                     |  1- 3 |  4- 6 |  7- 9 | 10-12 || total
---------------------------+-------+-------+-------+-------++-------
  Melee: Shortbow          |       |     3 |       |       ||     3
         Great sword       |       |       |    13 |    82 ||    95
   Fire: Shortbow          |   111 |   254 |   674 |       ||  1039
    Use: Scroll            |     2 |       |    11 |       ||    13
         Potion            |       |     2 |     2 |       ||     4
 Armour: Leather armour    |     6 |       |       |       ||     6
         Scale mail        |    59 |   176 |   565 |    63 ||   863
         Steam dragon scal |       |       |       |    20 ||    20
  Dodge: Dodged            |    44 |   115 |   420 |    73 ||   652

Table legend: (Time is in decaauts)
 A = Elapsed time spent in this place.
 B = Non-inter-level travel time spent in this place.
 C = Inter-level travel time spent in this place.
 D = Time resting spent in this place.
 E = Time spent auto-exploring this place.
 F = Levels seen in this place.
 G = Mean time per level.
                   A        B        C        D        E       F      G
               +--------+--------+--------+--------+--------+-----+--------+
         Total |  11238 |  10819 |    419 |   1742 |   6383 |   9 | 1248.7 |
       Dungeon |  10939 |  10522 |    417 |   1742 |   6128 |   8 | 1367.4 |
        Temple |    299 |    297 |      2 |      0 |    255 |   1 |  299.0 |
               +--------+--------+--------+--------+--------+-----+--------+

Top non-repeatable levels by time:
     D:4: 2019 daAuts
     D:5: 2018 daAuts
     D:7: 1972 daAuts
     D:6: 1225 daAuts
     D:2: 1033 daAuts
     D:3: 946 daAuts
     D:1: 874 daAuts
     D:8: 848 daAuts
  Temple: 299 daAuts
